[Event "85th Tata Steel Challengers 2023"]
[Site "Wijk aan Zee"]
[Date "2023.01.15"]
[Round "2.2"]
[White "Yilmaz, Mustafa"]
[Black "Mishra, Abhimanyu"]
[Result "1/2-1/2"]
[ECO "D44"]
[WhiteElo "2609"]
[BlackElo "2559"]
[Annotator "TA"]
[PlyCount "60"]
[EventDate "2023.01.10"]
[EventType "tourn"]
[EventCountry "NED"]
[SourceTitle "playchess.com"]
[Source "ChessBase"]
[SourceQuality "1"]
[TimeControl "40/6000+30:30/3000+30:900+30"]

1. Nf3 d5 2. d4 Nf6 3. c4 c6 4. Nc3 e6 5. Bg5 dxc4 6. e4 b5 7. e5 h6 8. Bh4 g5 9. Nxg5 hxg5 10. Bxg5 Be7 11. exf6 Bxf6 12. Bxf6 Qxf6 13. Be2 {[%emt 0:00:05][%cal Oc3b5] D44: Semi-Slav: Botvinnik System.} (13. g3 $5 ) 13... Na6 14. a4 Bb7 15. axb5 {[%emt 0:01:52][%mdl 64] [#] Discovered Attack. White is slightly better.} Nb4 $146 (15... cxb5 16. Nxb5 (16. Bf3 Bxf3 17. Qxf3 Qxf3 $17) 16... Qe7 17. Bf3 $16 (17. Bxc4 Nb4 $16)) ({Predecessor:} 15... cxb5 16. Nxb5 Kf8 17. Nd6 Bxg2 18. Rg1 Rxh2 19. Rxa6 Rd8 20. Qd2 Bb7 21. Ne4 Qe7 22. Rxa7 Rh4 23. Qg5 Qxg5 24. Nxg5 Rb8 25. Nxf7 Rxd4 26. Ne5 {1-0 Maghsoodloo,P (2721)-Durarbayli,V (2628) Shusha Rapid 2022 (2)}) 16. b6 (16. Bxc4 Qf5 17. O-O c5 $11) 16... c5 {[%emt 0:01:49][%mdl 64] Discovered Attack} 17. Rxa7 ({But not} 17. Bxc4 Bxg2 18. Rg1 axb6 19. Rxa8+ (19. Rxg2 $2 {is the wrong capture.} Rxa1 {[%mdl 64] Deflection} 20. Qxa1 Nc2+ 21. Kf1 Nxa1 $19) (19. Bb5+ $2 Ke7 $19) 19... Bxa8 20. dxc5 Qe5+ 21. Kf1 bxc5 22. Bb5+ Ke7 23. Qd7+ Kf6 $15) (17. bxa7 Qf5 18. Nb5 (18. Bxc4 $2 Nc2+ 19. Kd2 Nxa1 $19) (18. Qa4+ Bc6 $17) 18... Ke7 $17) 17... Rxa7 18. bxa7 Ke7 $1 19. dxc5 (19. Qd2 $14) 19... Rd8 $11 20. Qa4 Qg5 $1 {[%emt 0:01:43] Strongly threatening ...Qc1+.} 21. Qxb4 Qd2+ $1 22. Kf1 {[%emt 0:00:05] Intending c6+ and mate.} Qc1+ 23. Bd1 Rxd1+ 24. Nxd1 Qxd1+ 25. Qe1 Bxg2+ $1 {[%emt 0:00:08][%mdl 64] [#] Decoy. The position is equal.} 26. Kxg2 Qg4+ 27. Kf1 Qh3+ 28. Kg1 Qg4+ 29. Kf1 Qh3+ 30. Kg1 Qg4+ {[%emt 0:00:05] Weighted Error Value: White=0.11 (very precise) /Black=0.01 (flawless)} 1/2-1/2

[Event "85th Tata Steel Challengers 2023"]
[Site "Wijk aan Zee"]
[Date "2023.01.15"]
[Round "2.3"]
[White "Ivic, Velimir"]
[Black "Sindarov, Javokhir"]
[Result "1/2-1/2"]
[ECO "D87"]
[WhiteElo "2585"]
[BlackElo "2654"]
[Annotator "TA"]
[PlyCount "115"]
[EventDate "2023.01.10"]
[EventType "tourn"]
[EventCountry "NED"]
[SourceTitle "playchess.com"]
[Source "ChessBase"]
[SourceQuality "1"]
[TimeControl "40/6000+30:30/3000+30:900+30"]

1. d4 Nf6 2. c4 g6 3. Nc3 d5 4. cxd5 Nxd5 5. e4 Nxc3 6. bxc3 Bg7 7. Bc4 c5 8. Ne2 Nc6 9. Be3 O-O 10. O-O b6 11. Rc1 {[%emt 0:01:30] D87: Exchange Grünfeld: Classical Line: Variations without ...cxd4.} Bb7 12. Bb5 $1 {[%emt 0:00:41][%mdl 4] is currently scoring better than 12.Qd2.} Rc8 13. Qd2 e6 14. Rfd1 cxd4 15. cxd4 Qd6 16. Bf4 {[%emt 0:37:30] [#]} Qa3 $146 ({Predecessor:} 16... e5 17. d5 Na5 18. Be3 Rxc1 19. Rxc1 Rc8 20. h3 Bf8 21. Rxc8 Bxc8 22. Qc3 Bd7 23. Bxd7 Qxd7 24. Qxe5 {½-½ Harikrishna,P (2731)-Ding,L (2801) Tata Steel India rapid 2019 (2)}) 17. d5 exd5 18. exd5 Ne5 19. Bc6 Bxc6 (19... Nxc6 20. dxc6 Rxc6 21. Rxc6 (21. Bd6 Rxd6 22. Qxd6 Qxa2 $11) 21... Bxc6 22. Bd6 $14) (19... Ba6 $11) 20. dxc6 $14 (20. Bxe5 Ba4 21. Bxg7 Kxg7 $11) 20... Rfe8 (20... Nxc6 21. Bd6 Qb2 22. Qxb2 (22. Bxf8 Qxd2 23. Rxd2 Bxf8 $16) 22... Bxb2 23. Rc2 $16) (20... Rxc6 21. Rxc6 Nxc6 22. Bd6 $16) (20... Qe7 $1 $14) 21. c7 $18 Qe7 22. Qc2 Bf8 23. Qa4 Qh4 24. Rd4 (24. Qxa7 Bc5 25. Bg3 Qe7 $11) (24. Qa6 $18 {Bxe5 would be deadly.} Qf6 25. Bg3 (25. Qxa7 Bc5 $14)) 24... Qg4 (24... Nf3+ $2 25. gxf3 Rxe2 26. Be3 $18 (26. Qxa7 $2 {gets mated.} Qxf2+ 27. Kh1 Qg2#)) (24... Ng4 $16 {keeps fighting.} 25. Bg3 {[%mdl 64] Discovered Attack} Qe7) 25. Ng3 Qe6 26. Bxe5 ({Weaker is} 26. Qxa7 Nc6 27. Qxb6 Nxd4 28. Qxd4 Bg7 $11) 26... Qxe5 27. Re4 $1 {[%emt 0:00:19][%mdl 64] Skewer} Qb2 28. Qc6 {[%emt 0:00:40] Black is weak on the light squares} Re7 29. Rxe7 Bxe7 30. Ne4 {[%emt 0:01:10] Prevents Bc5} Kg7 31. g3 {[%emt 0:01:24] Black must now prevent Rd1.} Qe5 (31... Qxa2 $2 32. Rd1 Qe6 33. Nd6 $18) (31... f5 $2 32. Rc4 Qe5 33. Qd7 $18) 32. Qd7 (32. Qb7 $16 Qe6 33. Kg2) 32... Qe6 $14 {[%emt 0:00:13] [#]} 33. Qd4+ Kg8 {[%emt 0:00:13] [#]} 34. a4 {[%emt 0:01:02] White has more active pieces.} (34. h4 $1 $16) 34... f5 $132 {[%emt 0:00:52][%mdl 2048] Black is not keeping still} 35. Nd2 {[%emt 0:00:02] With the idea Nf3.} Qd6 36. Qc4+ Kg7 ({Black should play} 36... Kf8 $1 $14 37. Rc2 Bf6) 37. Nb3 ({Better is} 37. Nf3 $16) 37... Bf6 {[%emt 0:00:11] The position is equal.} 38. a5 b5 {[%emt 0:01:23][%mdl 64] Deflection} 39. Qxb5 Rxc7 40. Rxc7+ Qxc7 {[%emt 0:00:03][%mdl 4096] Endgame KQB-KQN} 41. Nc5 Kh6 42. Ne6 Qc2 43. Qd5 a6 44. h4 {[%emt 0:22:18] Threatens to win with Qd6.} Qb1+ 45. Kg2 {[%emt 0:00:20] Hoping for Qd2+.} Qe4+ 46. Qxe4 fxe4 {[%emt 0:00:02] KB-KN} 47. Nc5 Bc3 48. Nxa6 Bxa5 49. Nc5 e3 50. fxe3 {[%emt 0:00:05] Ne6 is the strong threat.} g5 (50... Bb6 51. Ne6 $16) 51. hxg5+ Kxg5 52. Kf3 h5 53. Ne6+ Kf6 54. Nf4 Kg5 55. e4 Bc3 56. Nh3+ Kf6 57. g4 hxg4+ 58. Kxg4 {[%emt 0:00:02] Blacks defense is rewarded with a draw.   Weighted Error Value: White=0.15 (very precise) /Black=0.14 (very precise)} 1/2-1/2

[Event "85th Tata Steel Challengers 2023"]
[Site "Wijk aan Zee"]
[Date "2023.01.15"]
[Round "2.4"]
[White "Vaishali, Rameshbabu"]
[Black "Donchenko, Alexander"]
[Result "0-1"]
[ECO "B85"]
[WhiteElo "2425"]
[BlackElo "2627"]
[Annotator "TA"]
[PlyCount "61"]
[EventDate "2023.01.10"]
[EventType "tourn"]
[EventCountry "NED"]
[SourceTitle "playchess.com"]
[Source "ChessBase"]
[SourceQuality "1"]
[TimeControl "40/6000+30:30/3000+30:900+30"]

1. e4 c5 2. Nf3 d6 3. d4 cxd4 4. Nxd4 Nf6 5. Nc3 a6 6. Be2 e6 7. Be3 Be7 8. O-O O-O 9. f4 e5 {[%emt 0:02:19] B85: Sicilian Scheveningen: 6 Be2 a6, lines with early Be3.} 10. fxe5 dxe5 11. Nf5 Bxf5 {[%emt 0:06:42] The position is equal.} 12. Rxf5 Nc6 13. Bd3 {[%emt 0:09:56] [#]} Qd6 $146 ({Predecessor:} 13... b5 14. a3 Rc8 15. Kh1 g6 16. Rf2 Nd4 17. Bh6 Re8 18. h3 Nh5 19. Qg4 Bh4 {1-0 Schnabel,R (2235)-Petersen,M (1818) Berlin Lichtenrade op 15th 2019 (9)}) 14. Bg5 h6 15. Bxf6 Bxf6 16. Nd5 {[%emt 0:00:17] [#] Black must now prevent Nxf6+.} Bg5 17. c3 Ne7 18. Nxe7+ Bxe7 19. Qe2 b5 20. a4 Bg5 21. Rf3 Rad8 22. g3 h5 23. Kh1 (23. Kg2 {feels hotter.} h4 24. axb5 axb5 25. Bxb5 Qb6 26. Ra6) 23... h4 ({Don't take} 23... bxa4 24. h4 (24. Rxa4 h4 $14) (24. Bxa6 Qc6 $11) 24... Be7 25. Rxa4 $16) 24. axb5 axb5 25. gxh4 Bf4 26. Bxb5 Qh6 27. Bd3 Qxh4 28. b4 {[%emt 0:01:24] White is weak on the dark squares} Rd6 {[%emt 0:04:36] And now ...Rfd8 would win.} 29. Rg1 (29. Qg2 $11) 29... Rfd8 $15 {[%emt 0:02:16][%cal Od6d3][%mdl 1024] [#] ...Rxd3! is the strong threat. Black has compensation.} 30. Rg2 R8d7 {[%emt 0:00:18] Threatens to win with ...Qd8.} 31. Qf1 {[%emt 0:00:00] Weighted Error Value: White=0.08 (flawless) /Black=0.04 (flawless)} 0-1

[Event "85th Tata Steel Challengers 2023"]
[Site "Wijk aan Zee"]
[Date "2023.01.15"]
[Round "2.5"]
[White "Adhiban, B.."]
[Black "Beerdsen, Thomas"]
[Result "1/2-1/2"]
[ECO "D43"]
[WhiteElo "2610"]
[BlackElo "2515"]
[Annotator "TA"]
[PlyCount "117"]
[EventDate "2023.01.10"]
[EventType "tourn"]
[EventCountry "NED"]
[SourceTitle "playchess.com"]
[Source "ChessBase"]
[SourceQuality "1"]
[TimeControl "40/6000+30:30/3000+30:900+30"]

1. Nf3 d5 2. d4 Nf6 3. c4 c6 4. Nc3 e6 5. Qd3 Nbd7 6. g3 {[%emt 0:01:38] D43: Semi-Slav: 5 Bg5 h6.} b6 $1 {[%emt 0:07:21][%mdl 4] is recently more successful than 6...Bd6.} 7. Bg2 Ba6 8. b3 Bb4 9. O-O O-O 10. Bb2 Rc8 11. Rfd1 Qe7 {[%emt 0:04:00] [#]} 12. a4 $146 ({Predecessor:} 12. a3 Bd6 13. a4 Bb4 14. Na2 Bd6 15. Nc3 Bb4 16. Na2 Ba3 17. Bxa3 Qxa3 18. Qc3 {0-1 Smirnov,A (2466)-Maletin,P (2570) Zudov Memorial 10th 2014 (3)}) 12... Rfd8 13. Rac1 h6 14. e3 Ba5 15. Ba1 Qb4 16. Na2 Qe7 17. Nc3 dxc4 18. bxc4 Qb4 19. Nd2 e5 20. Qc2 exd4 (20... Bxc4 $2 21. Rb1 $18) 21. exd4 Nf8 (21... Bxc4 $2 22. Rb1 $18) 22. Nce4 (22. c5 {is more complex.} bxc5 23. Na2 Qb8 24. Nb3) 22... Nxe4 23. Nxe4 Ne6 24. Bh3 Qe7 25. c5 Rc7 (25... Rb8 $14) 26. Nd6 $16 Rcd7 27. Bc3 {[%emt 0:00:35] Dodges Bb4} Bxc3 28. Qxc3 Qf6 29. Kg2 (29. Bxe6 $16 Qxe6 30. Re1) 29... Be2 (29... Re7 $5 ) 30. Rd2 Bh5 31. f4 $1 Re7 32. d5 (32. Kh1 {is interesting.} Bg6 33. f5 Ng5 34. fxg6 Nxh3 35. gxf7+ Kf8 36. Kg2) 32... Qxc3 33. Rxc3 Nxc5 (33... cxd5 $11 {keeps the balance.} 34. c6 Rxd6 35. Bxe6 Rc7 36. Bxd5 Kf8) 34. dxc6 Rc7 (34... Nxa4 $2 35. c7 $18) 35. Bd7 {[%emt 0:00:46] White is more active.} a6 (35... Nxd7 $2 36. Nb5 Rcc8 37. c7 $18 (37. cxd7 Rxc3 38. Nxc3 Bg4 $17)) (35... Kf8 $16 36. a5 Bg6) 36. Ne8 $2 (36. a5 $1 $18 Nxd7 37. Nb7) 36... Rxc6 $17 {[%emt 0:00:11][%mdl 64] Pin} 37. a5 $2 bxa5 $2 (37... Rxd7 38. Rxd7 Nxd7 39. Rxc6 bxa5 40. Rxa6 $18) ({Black should try} 37... Re6 $1 $19 38. axb6 Nxd7) 38. Rd4 (38. Rd5 $11 {and White is okay.} Bg6 39. Bxc6 Be4+ 40. Kh3 Bxd5 41. Rxc5 Bxc6 42. Rxc6 Rxe8 43. Rxa6) 38... Ne6 $1 $19 {[%emt 0:00:36][%mdl 64] Discovered Attack} (38... Rxd7 39. Rxd7 f6 40. Rd8 $18 (40. Rxg7+ Kf8 $18)) 39. Bxe6 Rxd4 (39... Rxc3 40. Rxd8 Bf3+ 41. Kf2 fxe6 42. Nc7+ Kf7 43. Rd7+ Kg6 44. Nxe6 $17) 40. Rxc6 {[%emt 0:00:09] Hoping for Bc4.} fxe6 {[%emt 0:00:17][%mdl 4096] Endgame KRB-KRN} 41. Nc7 Rd2+ 42. Kg1 Be2 {[%emt 0:08:20] ...a4 is the strong threat.} 43. Rc5 a4 44. Ra5 Ra2 45. Kf2 Bd1+ 46. Ke3 Rxh2 47. Rxa6 Rg2 48. Nxe6 a3 49. Ke4 a2 {[%emt 0:02:14] White must now prevent ...Re2+.} 50. Nd4 {[%emt 0:00:16] Dodges Re2+} Kh7 ({Worse is} 50... Rxg3 51. Rxa2 Rg1 52. f5 $15) (50... Bh5 $19 {...Bf7 would be deadly.} 51. f5 Kh7) 51. f5 $17 Bh5 ({Not} 51... Rxg3 52. Rxa2 h5 53. Ra1 $15) 52. Ra7 {[%emt 0:00:11] [#]} Bf7 53. Ne6 $11 Rxg3 {[%emt 0:04:51] Threatens to win with ...Rg2.} (53... Rf2 {seems wilder.} 54. Ke5 Re2+ 55. Kd6 Kh8) 54. Rxa2 {[%emt 0:00:11] The position is equal.} g6 55. Ra7 Kg8 56. Ra8+ Kh7 57. Ra7 Kg8 58. Ra8+ Kh7 59. Ra7 {[%emt 0:00:05] Black had all chances to win.   Weighted Error Value: White=0.40/Black=0.36} 1/2-1/2

[Event "85th Tata Steel Challengers 2023"]
[Site "Wijk aan Zee"]
[Date "2023.01.15"]
[Round "2.6"]
[White "Roebers, Eline"]
[Black "L'Ami, Erwin"]
[Result "1-0"]
[ECO "C95"]
[WhiteElo "2361"]
[BlackElo "2627"]
[Annotator "TA"]
[PlyCount "91"]
[EventDate "2023.01.10"]
[EventType "tourn"]
[EventCountry "NED"]
[SourceTitle "playchess.com"]
[Source "ChessBase"]
[SourceQuality "1"]
[TimeControl "40/6000+30:30/3000+30:900+30"]

1. e4 e5 2. Nf3 Nc6 3. Bb5 a6 4. Ba4 Nf6 5. O-O Be7 6. Re1 b5 7. Bb3 d6 8. c3 O-O 9. h3 Nb8 10. d4 Nbd7 11. Nbd2 c5 12. Nf1 {[%emt 0:04:26] C95: Closed Ruy Lopez: Breyer Variation with 10 d4.} Re8 13. Ng3 Bf8 14. Bc2 {[%emt 0:07:08] The position is equal.} Qc7 15. Be3 Bb7 16. d5 c4 17. Nh2 {[%emt 0:03:57] [#]} a5 $146 ({Predecessor:} 17... g6 18. Qd2 Nc5 19. Rf1 Bg7 20. Bh6 Bc8 21. Bxg7 Kxg7 22. f4 exf4 23. Rxf4 Nfd7 24. Ng4 Ne5 25. Nxe5 Rxe5 {1-0 Alvarez Calzadilla,J (2287)-Quintiliano Pinto,R (2469) Titled Tuesday intern op 20th Apr blitz 2021 (5)}) 18. Nf5 a4 19. a3 Kh8 20. g4 Nc5 21. Qf3 Ng8 22. g5 g6 23. Ng3 Be7 24. h4 (24. Qxf7 $2 Rf8 $19) 24... Rf8 25. h5 (25. Qg2 $16) 25... Bc8 26. Qh1 Qd7 27. f4 (27. Qg2 {simplifies} Nd3 28. Bxd3 cxd3 29. hxg6 hxg6 30. Rad1) 27... Qh3 {[%emt 0:06:39] Wards off f5} 28. Qf3 (28. Qg2 $14) 28... exf4 $2 {[%emt 0:03:56] [#]} (28... Nb3 $11 {and Black stays safe.}) 29. Bd4+ $1 $18 f6 (29... Bf6 {might work better.}) 30. Qxf4 {[%emt 0:00:30] Threatens to win with Re3.} Nd7 31. Re3 Ne5 {[%emt 0:01:13] [#]} 32. Nf5 $1 {[%emt 0:00:55][%mdl 576] Discovered Attack} Qxh5 33. Nxe7 {[%emt 0:00:34][%mdl 64] Remove Defender, Deflection} Nxe7 34. gxf6 g5 $2 {[%emt 0:02:19] [#]} (34... Ng8 35. f7 Ra7 {[%mdl 64] Decoy}) 35. Bxe5 $1 gxf4 (35... dxe5 36. Qxe5) 36. fxe7+ Kg8 37. exf8=Q+ Kxf8 38. Bxd6+ Ke8 39. Bxf4 Ra7 40. Kh1 $2 ({White should try} 40. Rg3 $18 Rf7 41. Rf1) 40... Rg7 {[%emt 0:01:58][%mdl 8192] This costs Black the game.} (40... Rf7 $14 41. Bg3 Qg5) 41. Rg1 {[%emt 0:04:30] White is clearly winning.} Rxg1+ 42. Kxg1 Bg4 (42... Qf7 $142 43. Rf3 h5) 43. e5 Bf5 44. Bxf5 Qxf5 45. Bg3 {[%emt 0:01:30] d6 would be deadly.} Qb1+ 46. Nf1 {[%emt 0:00:09] A superb game by Roebers.   Weighted Error Value: White=0.30/Black=0.56} 1-0

[Event "85th Tata Steel Challengers 2023"]
[Site "Wijk aan Zee"]
[Date "2023.01.15"]
[Round "2.7"]
[White "Pechac, Jergus"]
[Black "Tabatabaei, M. Amin"]
[Result "0-1"]
[ECO "C34"]
[WhiteElo "2637"]
[BlackElo "2686"]
[Annotator "TA"]
[PlyCount "90"]
[EventDate "2023.01.10"]
[EventType "tourn"]
[EventCountry "NED"]
[SourceTitle "playchess.com"]
[Source "ChessBase"]
[SourceQuality "1"]
[TimeControl "40/6000+30:30/3000+30:900+30"]

1. e4 e5 2. f4 exf4 3. Nf3 Nf6 4. e5 Nh5 5. d4 d6 6. Qe2 {[%emt 0:01:02] C34: King's Gambit Accepted: 3 Nf3: 3...Nf6 and 3...d6.} Be7 (6... dxe5 $15 7. Nxe5 Qh4+ 8. Kd1 Be7) 7. exd6 $1 $18 Qxd6 8. Qb5+ {[%emt 0:01:29] White is clearly better.} Nc6 9. Qxh5 Nxd4 {[%emt 0:00:10] [#]} 10. Bd3 $146 ({White has to play} 10. Nxd4 $18 Qxd4 11. Bd3) ({Predecessor:} 10. Nxd4 Qxd4 11. Nc3 O-O 12. Bd2 g6 13. Qd5 Bh4+ 14. Kd1 Qg7 15. Kc1 Rd8 16. Qf3 {0-1 Ploder,U (1873)-Tan,J (2526) Reinstorf op 2022 (3)}) 10... g6 $14 11. Qa5 Nxf3+ 12. gxf3 O-O $1 13. Nc3 {[%emt 0:02:51] And now Ne4 would win.} (13. Qa4 {seems wilder.} Bg5 14. h4 Bd7 15. Qa3) 13... Qe6+ 14. Ne2 $1 Bh4+ 15. Kd1 Qh3 16. Bxf4 {[%emt 0:02:06] aiming for Bh6.} Qxf3 17. Kd2 {[%emt 0:04:03] Hoping for Raf1.} Bh3 {[%emt 0:10:24] Prevents Raf1} 18. Bg3 (18. Bxc7 Rfe8 19. Rae1 b6 $17) (18. Qxc7 $2 Rac8 19. Qa5 Rfe8 $19) 18... b6 19. Qb5 (19. Qa4 $14 Bg5+ 20. Bf4) 19... a6 (19... c6 $1 $11 20. Qe5 Bg2) 20. Qc4 Bg5+ 21. Bf4 Bf6 22. Rhg1 $1 {[%emt 0:20:02][%cal Od3g6] Threatens to win with Bxg6!} (22. Qxc7 $2 {perishes.} Rfe8 23. Rhg1 Rac8 $19) 22... Rfe8 {[%emt 0:01:24][%cal Bf8e8,Be8e6,Be6d6][%mdl 32] Strongly threatening ...b5.} 23. Rae1 $2 ({Reject} 23. Bxc7 $6 Rac8 24. Qf4 Qc6 $15) (23. Rg3 $1 $16 {[%cal Rg3f3] is forced if you want to stay better.} Qh5 24. Rag1 (24. Bxc7 Bxb2 25. Rb1 Be6 $16)) 23... b5 $1 $17 24. Qxc7 Rac8 25. Qd6 Re6 {[%emt 0:00:28] Black is much more active.} (25... Bxb2 $5 26. Bh6 Qh5 $11) 26. Rg3 $1 Qf2 {[%emt 0:00:28] Really sharp!} 27. Be3 $1 Qxe1+ (27... Qxh2 $2 28. Rxg6+ hxg6 29. Qxh2 $18) 28. Kxe1 Rxd6 29. Rxh3 Bxb2 30. Rh4 f5 31. a4 Bf6 $1 $36 {[%emt 0:02:02][%mdl 2048] Black has the initiative.} 32. Rb4 Be7 {[%emt 0:01:36][%cal Od6d3] ...Rxd3! would be deadly.} 33. Rb1 bxa4 34. Ra1 {[%emt 0:04:20] [#]} a3 $1 35. Bc1 {[%emt 0:01:40] [#]} (35. Ra2 Re6) 35... Rd5 $1 36. Bxa3 {[%emt 0:00:36] [#]} (36. Ra2 $142) 36... Ra5 $1 37. Bb2 Rxa1+ 38. Bxa1 a5 39. Nf4 Kf7 40. Nd5 Bd6 41. h3 (41. Nb6 $17 Rb8 42. Bc4+ Ke8 43. Bd4) 41... Re8+ $19 42. Kd2 Be5 {[%emt 0:00:13] Against Nf6} 43. Bxe5 Rxe5 44. c4 Ke6 45. Kc3 $2 (45. Nc3 {was worth a try.}) 45... Rxd5 {[%emt 0:09:35] Excellently played by Tabatabaei!   Weighted Error Value: White=0.28 (precise) /Black=0.15 (very precise)} 0-1

[Event "85th Tata Steel Challengers 2023"]
[Site "Wijk aan Zee"]
[Date "2023.01.16"]
[Round "3.1"]
[White "Mishra, Abhimanyu"]
[Black "Ivic, Velimir"]
[Result "0-1"]
[ECO "D11"]
[WhiteElo "2559"]
[BlackElo "2585"]
[Annotator "TA"]
[PlyCount "96"]
[EventDate "2023.01.10"]
[EventType "tourn"]
[EventCountry "NED"]
[SourceTitle "playchess.com"]
[Source "ChessBase"]
[SourceQuality "1"]
[TimeControl "40/6000+30:30/3000+30:900+30"]

1. d4 d5 2. Nf3 Nf6 3. c4 c6 4. e3 Bg4 5. Nc3 e6 6. h3 Bh5 7. g4 Bg6 8. Ne5 {[%emt 0:00:36] D11: Slav Defence: 3 Nf3 sidelines and 3...Nf6 4 e3 Bg4.} Nbd7 9. Nxg6 hxg6 10. Bd2 {[%emt 0:01:48] The position is equal.} Bb4 11. cxd5 exd5 12. Bd3 Qe7 13. a3 Bxc3 14. Bxc3 a5 15. Qe2 Ne4 {[%emt 0:01:51] [#]} 16. Kf1 $146 ({Predecessor:} 16. Bxe4 Qxe4 17. f3 Qe7 18. O-O-O b5 19. Qe1 b4 20. axb4 {0-1 Khurtsidze,N (2443)-Gunina,V (2507) EU-ch (Women) 14th 2013 (7)}) 16... f5 17. Kg2 O-O 18. f3 Nd6 19. Be1 Rfe8 20. Bf2 a4 21. Rhe1 Nb6 22. Bg3 Nbc4 23. Bf4 b5 24. g5 Qf7 25. Qf2 Re6 26. Re2 Rae8 27. h4 R6e7 28. Rae1 Nb7 29. e4 fxe4 30. fxe4 Rf8 31. Bxc4 (31. exd5 $11 Rxe2 32. Rxe2 Qxd5+ 33. Be4) 31... bxc4 (31... dxc4 $17 32. Bg3 Qe6) 32. Be5 $15 Qe6 33. Qe3 {[%emt 0:00:47] [#]} (33. Qg3 $15) 33... Nc5 $1 $19 {[%emt 0:05:09][%mdl 576] aiming for ...Nd3. Deflection} 34. Bxg7 {[%emt 0:02:33] White is weak on the light squares} ({Of course not} 34. exd5 Qxd5+ 35. Kg1 (35. Kh2 $2 Nd3 $19) 35... Rf3 36. dxc5 Rxe3 37. Rxe3 Qxc5) 34... Rxg7 ({And not} 34... Kxg7 35. dxc5 Kg8 36. Qh3 $11) 35. dxc5 {[%emt 0:00:23] [#]} d4 36. Qh3 Qe5 (36... Qe7 $19 {has better winning chances.} 37. e5 d3) 37. Qg3 (37. Rf1 $17) 37... Qxc5 {[%emt 0:00:32] White must now prevent ...Rgf7.} 38. e5 $2 (38. Rf1 Rxf1 39. Kxf1) 38... Qd5+ 39. Kh2 d3 40. Rf2 Rxf2+ {[%emt 0:01:26] Black mates.} 41. Qxf2 {[%emt 0:02:12] KQR-KQR} Rf7 42. Qd2 Qf3 43. Qg2 Qf2 44. Qxf2 Rxf2+ 45. Kg3 Rxb2 46. Kf3 c3 47. Ke3 c2 48. Kd2 {[%emt 0:00:58] [#]} c1=Q+ $1 {[%emt 0:00:16][%mdl 576] Decoy, Promotion.   Weighted Error Value: White=0.53/Black=0.19 (very precise)} 0-1

[Event "85th Tata Steel Challengers 2023"]
[Site "Wijk aan Zee"]
[Date "2023.01.16"]
[Round "3.2"]
[White "Donchenko, Alexander"]
[Black "Adhiban, B.."]
[Result "1/2-1/2"]
[ECO "B38"]
[WhiteElo "2627"]
[BlackElo "2610"]
[Annotator "TA"]
[PlyCount "91"]
[EventDate "2023.01.10"]
[EventType "tourn"]
[EventCountry "NED"]
[SourceTitle "playchess.com"]
[Source "ChessBase"]
[SourceQuality "1"]
[TimeControl "40/6000+30:30/3000+30:900+30"]

1. Nf3 c5 2. c4 g6 3. d4 cxd4 4. Nxd4 Bg7 5. e4 Nc6 6. Be3 Qb6 7. Nb5 {[%emt 0:09:49] B38: Sicilian: Maroczy Bind with 5...Bg7 and 7...0-0.} (7. Nb3 $5 Qc7 8. Qd2 $14 (8. Nc3 Bxc3+ 9. bxc3 Nf6 $11)) 7... Qa5+ 8. Bd2 Qd8 9. N1c3 a6 10. Na3 d6 11. Be2 Nd4 12. O-O {[%emt 0:07:51] [#]} e5 $146 ({Predecessor:} 12... Nf6 13. Nc2 Nxc2 14. Qxc2 O-O 15. Rac1 Be6 16. b3 Rc8 17. Qd3 Nd7 18. Nd5 Nc5 {½-½ Demchenko,A (2653)-Niedbala,B (2381) Piestany Slovakia op-A 2022 (2)}) 13. Nc2 Ne7 14. Bg5 {[%emt 0:06:39] Strongly threatening Nxd4.} h6 15. Bxe7 Nxe2+ 16. Qxe2 Qxe7 17. Nd5 Qd8 18. b4 Be6 19. Nce3 Rc8 20. Rac1 O-O 21. c5 dxc5 22. bxc5 Kh7 23. Qb2 $1 Rb8 24. Rfd1 {[%emt 0:03:37] White is much more active.} f5 25. Qb6 (25. exf5 $16 gxf5 26. Qc2) 25... Qxb6 $11 26. cxb6 fxe4 27. Rc7 {[%emt 0:06:36] aiming for Nc3.} Rf7 28. Kf1 (28. Nc3 $5 Rc8 29. Rxf7 Bxf7 30. Rd7 Rxc3 31. Rxf7 Rc1+ 32. Nf1 $14) 28... Bf8 29. Rdc1 {[%emt 0:05:17] Rxf7+ is the strong threat.} Bd6 30. Rxf7+ Bxf7 31. Nf6+ Kg7 32. Nxe4 {[%emt 0:00:05] Excellent horsemanship.} Rd8 33. a4 Kf8 34. Nxd6 Rxd6 $14 {[%emt 0:00:04][%mdl 4096] Endgame KRB-KRN} 35. a5 {[%emt 0:00:18] Threatens to win with Rc7.} Ke7 (35... Be6 $14) 36. Ke2 (36. Ng4 $1 $16) 36... h5 (36... Bb3 $11 {keeps the balance.}) 37. Rc5 $1 $16 ({Of course not} 37. Rc7+ $6 Rd7 $11) 37... e4 {[%emt 0:00:27] [#]} (37... Be8 $142) 38. Re5+ ({Reject} 38. Rc7+ $6 Rd7 $11) (38. g4 $1 $16 ) 38... Re6 {[%emt 0:00:07] [#]} ({Black should play} 38... Kf6 $14 39. Rxe4 Be6) 39. Rc5 (39. Nc4 $1 $16) 39... Kd6 40. Rd5+ (40. Rc7 $5 Re7 $8 41. Rc8 $11) 40... Kc6 41. Rg5 Re8 42. g4 (42. h4 $14) 42... Rh8 $1 $11 {[%emt 0:01:52] The position is equal.} 43. Re5 Re8 {[%emt 0:01:06] Against Re7} 44. Rg5 Rh8 $1 45. Re5 Re8 {[%emt 0:00:16] Prevents Re7.} 46. Rg5 {[%emt 0:00:29] Weighted Error Value: White=0.20 (precise) /Black=0.16 (very precise)} 1/2-1/2